 Dungeon Crawl Stone Soup version 0.31.0-11-ge490571c62 (webtiles) character file.

Game seed: 9051731128187523958

1329 qw the Skirmisher (level 8, -2/46 HPs)
             Began as a Deep Elf Hunter on Feb 5, 2024.
             Was an Initiate of Okawaru.
             Slain by a troll (5 damage)
             ... on level 7 of the Dungeon.
             The game lasted 00:02:45 (5525 turns).

qw the Skirmisher (Deep Elf Hunter)                 Turns: 5525, Time: 00:02:46

Health: -2/46      AC: 10    Str: 10    XL:     8   Next: 34%
Magic:  10/10      EV: 12    Int: 15    God:    Okawaru [......]
Gold:   241        SH:  0    Dex: 18    Spells: 7/7 levels left

rFire   . . .        a - +1 shortbow
rCold   . . .        (shield currently unavailable)
rNeg    . . .        d - +1 ring mail
rPois   .            (no helmet)
rElec   .            (no cloak)
rCorr   .            f - +2 pair of gloves
SInv    .            h - +0 pair of boots
Will    .....        g - amulet of the acrobat
Stlth   +            (no ring)
HPRegen 0.27/turn    (no ring)
MPRegen 0.12/turn

%: acrobat
@: no status effects
A: no striking features
a: Renounce Religion


You were on level 7 of the Dungeon.
You worshipped Okawaru.
Okawaru was noncommittal.
You visited 2 branches of the dungeon, and saw 8 of its levels.

You collected 313 gold pieces.
You spent 72 gold pieces at shops.


   Skills:
 - Level 3.4 Fighting
 + Level 12.6 Ranged Weapons
 - Level 1.2 Armour
 - Level 4.0 Dodging
 - Level 1.2 Stealth


You had 7 spell levels left.
You didn't know any spells.
Your spell library was empty.

Inventory:

Hand Weapons
 a - a +1 shortbow (weapon)
Armour
 d - a +1 ring mail (worn)
 f - a +2 pair of gloves (worn)
 h - a +0 pair of boots (worn)
 k - a scarf of repulsion
Jewellery
 g - an amulet of the acrobat (around neck)
Scrolls
 l - a scroll of identify
 m - a scroll of revelation {unknown}
Potions
 b - 4 potions of curing
 c - 2 potions of enlightenment
 e - a potion of cancellation
 i - a potion of heal wounds {unknown}
 j - 3 potions of might

Dungeon Overview and Level Annotations

Branches:
Dungeon (7/15)             Temple (1/1) D:7

Altars:
Ashenzari
Elyvilon
Fedhas
Gozag
Hepliaklqana
Makhleb
Nemelex Xobeh
Okawaru
Qazlal
Ru
Sif Muna
Trog
Uskayaw
Vehumet
Xom
Yredelemnul
Zin

Shops:
D:2 (!:!!

Portals:
Bailey: D:7

Annotations:
D:2 1 runed translucent door, Crazy Yiuf


Message History

The ice beast closely misses you.
You shoot an arrow.
The arrow hits the ice beast but does no damage.
The ice beast is almost dead.
The ice beast hits you but does no damage.
You shoot an arrow. The arrow hits the ice beast.
You kill the ice beast!
Okawaru accepts your kill.
You shoot an arrow. The arrow hits the troll.
The troll is lightly wounded.
The troll bites you but does no damage. The troll misses you.
The troll claws you but does no damage.
You shoot an arrow. The arrow barely misses the troll.
The troll closely misses you. x3
You shoot an arrow. The arrow hits the troll.
The troll is lightly wounded.
You shoot an arrow.
The arrow hits the troll but does no damage.
The troll is lightly wounded.
You hear the steady creaking of a portcullis very nearby.
The troll bites you! The troll barely misses you. The troll claws you.
You shoot an arrow. The arrow barely misses the troll.
The troll bites you but does no damage. The troll closely misses you.
The troll claws you.
You shoot an arrow. The arrow completely misses the troll.
The troll bites you but does no damage. The troll claws you but does no damage.
The troll barely misses you.
You shoot an arrow. The arrow hits the troll.
The troll is lightly wounded.
The troll bites you but does no damage. The troll claws you.
The troll barely misses you.
You shoot an arrow. The arrow hits the troll!
The troll is moderately wounded.
The troll barely misses you. The troll claws you.
The troll claws you but does no damage.
You shoot an arrow.
The arrow hits the troll but does no damage.
The troll is moderately wounded.
The troll closely misses you. x2; The troll claws you.
You die...

...#######....>.....#
#.####
...##....########...#
#....# ...##....##.$
##..# ##....#
.........# .##
#..####.....###
.........# #(#
##......_.......
#####...##
#[##+##.##.....####..
#...# #...).##....##
. ##### #..8####....#
#(##@## ####.# #$#8T#
#.# .# #..# #.# #.
'..## .# # ###


You could see a troll.

Vanquished Creatures
  2 ice beasts (D:7)
  An ogre (D:4)
  A phantom (D:6)
  2 bullfrogs
  4 scorpions
  A howler monkey (D:4)
  2 jellies
  2 orc priests (D:7)
  A hound (D:5)
  6 iguanas
  4 orc wizards
  5 adders
  2 shadow imps (D:7)
  A white imp (D:5)
  4 ufetubi
  A ribbon worm (D:2)
  21 orcs
  9 ball pythons
  4 endoplasms
  2 giant cockroaches
  10 goblins
  3 hobgoblins
  7 kobolds
  4 quokkas
  8 bats
  3 frilled lizards
  3 rats
113 creatures vanquished.

Notes
Turn   | Place    | Note
-------+----------+-------------------------------------------
     0 | D:1      | qw the Deep Elf Hunter began the quest for the Orb.
     0 | D:1      | Reached XP level 1. HP: 12/12 MP: 3/3
     0 | D:1      | 0 ||| qw: Version: 0.3-a-160-g6735b56
     0 | D:1      | 0 ||| qw: Game counter: 6539
     0 | D:1      | 0 ||| qw: Melee chars always use a shield: true
     0 | D:1      | 0 ||| qw: God list: Okawaru
     0 | D:1      | 0 ||| qw: Allow faded altars: false
     0 | D:1      | 0 ||| qw: Do Orc after clearing Dungeon:15 true
     0 | D:1      | 0 ||| qw: Do second Lair branch before Depths: true
     0 | D:1      | 0 ||| qw: Lair rune preference: random
     0 | D:1      | 0 ||| qw: Goals: Normal
     0 | D:1      | 0 ||| PLANNING D:1-11
   315 | D:1      | Reached XP level 2. HP: 16/16 MP: 4/4
   318 | D:1      | Reached skill level 6 in Ranged Weapons
   656 | D:1      | 656 ||| UPGRADING to +0 pair of gloves.
   661 | D:1      | 661 ||| READING 3 scrolls labelled ASIROVVEQIDE.
   661 | D:1      | 661 ||| IDENTIFYING inky potion
   662 | D:1      | 662 ||| READING 2 scrolls of identify.
   662 | D:1      | 662 ||| IDENTIFYING viscous dark potion
   663 | D:1      | 663 ||| READING scroll of identify.
   663 | D:1      | 663 ||| IDENTIFYING fuming sapphire potion
   664 | D:1      | 664 ||| READING scroll labelled AREPAM XULESMA.
   669 | D:1      | 669 ||| READING scroll labelled ESTRESI AGIQEIR.
   670 | D:1      | 670 ||| DROPPING scroll of butterflies.
   671 | D:1      | 671 ||| DROPPING potion of brilliance.
   672 | D:1      | 672 ||| DROPPING potion of invisibility.
   717 | D:2      | Found Eludyruo's Distillery.
   725 | D:2      | 725 ||| SHOPLISTING 2 potions of heal wounds (120 gold,
                  | have 55).
   725 | D:2      | 725 ||| BUYING potion of curing (36 gold).
   725 | D:2      | Bought a potion of curing for 36 gold pieces
   725 | D:2      | 725 ||| SHOPLISTING potion of curing (36 gold, have 19).
   725 | D:2      | 725 ||| SHOPLISTING potion of enlightenment (60 gold, have
                  | 19).
   725 | D:2      | 725 ||| SHOPLISTING potion of haste (120 gold, have 19).
   725 | D:2      | 725 ||| SHOPLISTING potion of heal wounds (60 gold, have
                  | 19).
   725 | D:2      | 725 ||| SHOPLISTING potion of might (48 gold, have 19).
   725 | D:2      | 725 ||| SHOPLISTING potion of mutation (96 gold, have 19).
   803 | D:2      | Found Volab's Distillery.
   817 | D:2      | 817 ||| SHOPLISTING potion of cancellation (112 gold, have
                  | 19).
   817 | D:2      | 817 ||| SHOPLISTING potion of enlightenment (70 gold, have
                  | 19).
   843 | D:2      | Identified the +8 dagger of Gefumed {drain, rN+ Will+++
                  | Int-2}
   850 | D:2      | Found Cuhedapp's Distillery.
   863 | D:2      | 863 ||| SHOPLISTING potion of cancellation (88 gold, have
                  | 28).
   863 | D:2      | 863 ||| SHOPLISTING potion of curing (33 gold, have 28).
   863 | D:2      | 863 ||| SHOPLISTING potion of enlightenment (55 gold, have
                  | 28).
   863 | D:2      | 863 ||| SHOPLISTING potion of haste (110 gold, have 28).
   863 | D:2      | 863 ||| SHOPLISTING potion of mutation (88 gold, have 28).
   974 | D:2      | Reached XP level 3. HP: 18/20 MP: 5/5
  1017 | D:2      | Found Xyno's Weapon Emporium.
  1100 | D:2      | You fall into a shaft and drop 2 floors!
  1130 | D:4      | Reached skill level 7 in Ranged Weapons
  1162 | D:4      | 1162 ||| UPGRADING to +0 ring mail.
  1172 | D:4      | 1172 ||| DROPPING +0 leather armour.
  1173 | D:4      | 1173 ||| READING 2 scrolls of identify.
  1173 | D:4      | 1173 ||| IDENTIFYING scroll labelled LOES NEIFFOUHE
  1174 | D:4      | 1174 ||| READING scroll of identify.
  1174 | D:4      | 1174 ||| IDENTIFYING 2 scrolls labelled OZXAFE ZOMO
  1175 | D:4      | 1175 ||| DROPPING scroll of fear.
  1176 | D:4      | 1176 ||| DROPPING 2 scrolls of immolation.
  1190 | D:3      | 1190 ||| FLEEEEING.
  1192 | D:3      | 1192 ||| FLEEEEING.
  1193 | D:3      | 1193 ||| FLEEEEING.
  1194 | D:3      | 1194 ||| FLEEEEING.
  1195 | D:3      | 1195 ||| FLEEEEING.
  1196 | D:3      | 1196 ||| STAIRDANCE
  1220 | D:2      | Found Xapruv's Book Shop.
  1233 | D:2      | Reached XP level 4. HP: 25/25 MP: 6/6
  1340 | D:2      | Found a runed translucent door.
  1341 | D:2      | Noticed Crazy Yiuf
  1489 | D:2      | 1489 ||| BUYING potion of curing (36 gold).
  1489 | D:2      | Bought a potion of curing for 36 gold pieces
  1489 | D:2      | 1489 ||| SHOPLISTING potion of curing (36 gold, have 16).
  1497 | D:3      | 1497 ||| STAIRDANCE
  1507 | D:3      | 1507 ||| STAIRDANCE
  1739 | D:3      | Reached skill level 8 in Ranged Weapons
  1855 | D:3      | Reached XP level 5. HP: 29/29 MP: 7/7
  2175 | D:3      | 2175 ||| READING scroll labelled ASKEENUCVI.
  2547 | D:4      | Reached skill level 9 in Ranged Weapons
  2715 | D:4      | 2715 ||| DRINKING 2 fuming clear potions.
  2716 | D:4      | 2716 ||| DROPPING potion of magic.
  2728 | D:3      | Found an opulent altar of Gozag.
  2746 | D:4      | HP: 7/30 [poisoned by a scorpion]
  2747 | D:4      | 2747 ||| READING scroll of teleportation.
  2748 | D:4      | HP: 3/30 [scorpion (1)]
  2936 | D:4      | Reached XP level 6. HP: 30/36 MP: 8/8
  3160 | D:4      | HP: 8/36 [scorpion (5)]
  3165 | D:4      | HP: 4/36 [scorpion (2)]
  3167 | D:4      | Reached skill level 10 in Ranged Weapons
  3167 | D:4      | 3167 ||| DRINKING 3 potions of curing.
  3167 | D:4      | 3167 ||| (to cure poison)
  3303 | D:4      | Reached skill level 3 in Dodging
  3387 | D:4      | 3387 ||| READING scroll labelled KODITU NAWNILU.
  3414 | D:5      | Entered Level 5 of the Dungeon
  3465 | D:5      | Reached skill level 1 in Armour
  3465 | D:5      | Reached XP level 7. HP: 32/40 MP: 9/9
  4052 | D:5      | Identified the +2 pair of boots of Nyef {Int+9 Dex-4}
  4262 | D:5      | 4262 ||| DROPPING +2 pair of boots of Nyef {Int+9 Dex-4}.
  4263 | D:5      | 4263 ||| READING 3 scrolls labelled XIWOFIQAON.
  4264 | D:5      | 4264 ||| READING scroll labelled JEBYUMPOMAI.
  4264 | D:5      | 4264 ||| ENCHANTING +0 shortbow.
  4265 | D:5      | 4265 ||| DRINKING 3 silvery potions.
  4266 | D:5      | 4266 ||| DROPPING 2 scrolls of amnesia.
  4346 | D:6      | Reached skill level 11 in Ranged Weapons
  4346 | D:6      | HP: 8/40 [iguana (12)]
  4347 | D:6      | 4347 ||| READING scroll of teleportation.
  4348 | D:6      | HP: 1/40 [iguana (7)]
  4540 | D:6      | 4540 ||| READING scroll of identify.
  4540 | D:6      | 4540 ||| IDENTIFYING brown potion
  4541 | D:6      | 4541 ||| READING 3 scrolls labelled LUNOCO BUVEU.
  4541 | D:6      | 4541 ||| ENCHANTING +0 pair of gloves.
  4555 | D:6      | 4555 ||| READING 2 scrolls of enchant armour.
  4555 | D:6      | 4555 ||| ENCHANTING +1 pair of gloves.
  4556 | D:6      | 4556 ||| READING scroll of enchant armour.
  4556 | D:6      | 4556 ||| ENCHANTING +0 ring mail.
  4713 | D:6      | Reached skill level 12 in Ranged Weapons
  5032 | D:6      | 5032 ||| UPGRADING to +0 pair of boots.
  5037 | D:6      | 5037 ||| READING scroll of identify.
  5037 | D:6      | 5037 ||| IDENTIFYING ruby potion
  5038 | D:6      | 5038 ||| READING scroll labelled DAEX JIECS.
  5139 | D:6      | 5139 ||| DROPPING potion of attraction.
  5173 | D:7      | Found a staircase to the Ecumenical Temple.
  5175 | D:7      | 5175 ||| PLANNING TEMPLE
  5175 | D:7      | 5175 ||| UPGRADING to amulet of the acrobat.
  5187 | Temple   | Entered the Ecumenical Temple
  5188 | Temple   | 5188 ||| PLANNING OKAWARU WORSHIP
  5200 | Temple   | Became a worshipper of Warmaster Okawaru
  5201 | Temple   | 5201 ||| PLANNING D:1-11
  5253 | D:7      | Found a stormy altar of Qazlal.
  5260 | D:7      | Reached XP level 8. HP: 45/45 MP: 10/10
  5283 | D:7      | Found a flagged portal.
  5292 | D:7      | Reached skill level 3 in Fighting
  5446 | D:7      | Found a sacrificial altar of Ru.
  5505 | D:7      | Noticed a troll
  5509 | D:7      | 5509 ||| RETREEEEATING.
  5520 | D:7      | HP: 10/46 [troll (6)]
  5524 | D:7      | HP: 3/46 [troll (3)]
  5525 | D:7      | Slain by a troll

Levels and vault maps discovered:
D:1:      dpeg_arrival_three_bigger_balls, layout_basic
D:2:      layout_basic, serial_shops, nicolae_shop_gibbet_a_chance, shop, shop,
          nicolae_shop_hallway_stairs, nicolae_shop_bloodbath_and_beyond,
          uniq_crazy_yiuf_cottage
D:3:      layout_loops_ring, nicolae_overflow_hidden_temple
D:4:      layout_loops_ring, chequers_avenue
D:5:      layout_cave_pools
D:6:      layout_basic, nicolae_the_louvre
D:7:      minmay_chambers_of_sixes, layout_gridville,
          nicolae_qazlal_scattered_showers, nicolae_overflow_crystal_walls,
          cheibrodos_worm_habitat, grunt_dithmenos_smoke,
          minmay_temple_entry_ruins, enter_bailey_5
Temple:   nicolae_temple_ecumenical_triangle

Skill      XL: |  1  2  3  4  5  6  7  8 |
---------------+-------------------------+-----
Ranged Weapons | 6 7 8 9 10 12 | 12.6
Fighting       | 2 3 |  3.4
Dodging        | 3 4 |  4.0
Armour         | 1 |  1.2
Stealth        | |  1.2

Action                     |  1- 3 |  4- 6 |  7- 9 || total
---------------------------+-------+-------+-------++-------
   Fire: Shortbow          |    91 |   176 |   208 ||   475
    Use: Scroll            |     7 |     3 |     9 ||    19
         Potion            |       |     2 |     1 ||     3
 Armour: Leather armour    |    19 |       |       ||    19
         Ring mail         |       |    60 |   130 ||   190
  Dodge: Dodged            |    17 |    63 |   114 ||   194

Table legend:
 A = Non-vault XP
 B = Vault XP
 C = Vault XP percentage of total XP
 D = Non-vault monster count
 E = Vault monster count
 F = Vault count percentage of total count
                 A         B        C        D         E       F
            +---------+---------+-------+---------+---------+-------
      Total |    1761 |     138 |   7.3 |     107 |       6 |   5.3
            +---------+---------+-------+---------+---------+-------
        D:1 |      19 |       0 |   0.0 |      12 |       0 |   0.0
        D:2 |      43 |       0 |   0.0 |      22 |       0 |   0.0
        D:3 |      90 |       0 |   0.0 |      20 |       0 |   0.0
        D:4 |     529 |       0 |   0.0 |      19 |       0 |   0.0
        D:5 |     270 |       0 |   0.0 |      13 |       0 |   0.0
        D:6 |     436 |       0 |   0.0 |      11 |       0 |   0.0
        D:7 |     374 |     138 |  27.0 |      10 |       6 |  37.5
            +---------+---------+-------+---------+---------+-------
